 Dungeon Crawl Stone Soup version 0.26.1-2-gb8aa6d0cf2 (webtiles) character file.

Game seed: 3934732882265842203

14307 Almogavar the Carver (level 11, -9/102 HPs)
             Began as a Minotaur Berserker on Mar 20, 2021.
             Was a High Priest of Trog.
             Mangled by an orc warrior
             ... wielding a +0 trident
             ... led by an orc warlord
              (22 damage)
             ... on level 1 of the Orcish Mines on Mar 21, 2021.
             The game lasted 00:46:37 (13578 turns).

Almogavar the Carver (Minotaur Berserker)          Turns: 13578, Time: 00:46:38

Health: -9/102     AC: 18    Str: 31    XL:     11   Next: 87%
Magic:  10/10      EV: 13    Int:  4    God:    Trog [*****.]
Gold:   1460       SH:  5    Dex: 10    Spells: 10/10 levels left

rFire    x . .     SeeInvis .   a - +1 falchion
rCold    + + .     Faith    .   (no shield)
rNeg     . . .     Spirit   .   j - +0 ice dragon scales
rPois    .         Reflect  +   h - +1 hat
rElec    .         Harm     .   t - +0 cloak
rCorr    .         Rampage  .   (no gloves)
Will     .....                  G - +0 pair of boots
Stlth    ..........             A - amulet of reflection
HPRegen  0.27/turn              L - +6 ring of strength
MPRegen  0.12/turn              K - +4 ring of slaying

@: berserk cooldown, slowed, very slow
A: retaliatory headbutt, horns 2
a: Renounce Religion, Berserk, Trog's Hand, Brothers in Arms


You were on level 1 of the Orcish Mines.
You worshipped Trog.
Trog was extremely pleased with you.
You visited 2 branches of the dungeon, and saw 11 of its levels.
You also visited: Ossuary and Ice Cave.

You collected 1460 gold pieces.

Inventory:

Hand Weapons
 a - a +1 falchion (weapon)
 u - a +0 hunting sling
Missiles
 f - 334 stones
 k - 83 sling bullets
Armour
 h - a +1 hat (worn)
 j - +0 ice dragon scales (worn)
 t - a +0 cloak (worn)
 G - a +0 pair of boots (worn)
 J - a +0 plate armour
Jewellery
 i - an uncursed amulet of guardian spirit
 v - the ring "Ifyta" {rF+ rC+ rN+ Dex+4}
   (You found it on level 4 of the Dungeon)

   [ring of protection from cold]

   It affects your dexterity (+4).
   It protects you from fire.
   It protects you from cold.
   It protects you from negative energy.
 A - an amulet of reflection (around neck)
 I - a +6 ring of dexterity
 K - a +4 ring of slaying (right hand)
 L - a +6 ring of strength (left hand)
Wands
 d - a wand of acid (8)
 g - a wand of disintegration (60)
 r - a wand of flame (11)
 s - a wand of digging (1)
 y - a wand of iceblast (12)
 H - a wand of enslavement (7)
Scrolls
 c - 6 scrolls of remove curse
 l - 2 scrolls of fear
 n - 6 scrolls of teleportation
 w - a scroll of fog
 x - a scroll of holy word
 E - 2 scrolls of enchant weapon
Potions
 b - 2 potions of lignification
 e - 2 potions of ambrosia
 m - 2 potions of flight
 o - a potion of resistance
 p - 7 potions of curing {unknown}
 q - 3 potions of heal wounds
 z - a potion of mutation {unknown}
 B - 2 potions of brilliance {unknown}
 C - a potion of invisibility {unknown}
 D - 2 potions of might
 F - a potion of magic {unknown}


   Skills:
 + Level 11.3 Fighting
 + Level 14.5 Long Blades
 + Level 2.0 Slings
 + Level 12.4 Armour
 + Level 5.9 Dodging
 - Level 0.2 Stealth
 + Level 0.2 Shields
 + Level 0.1 Evocations


You had 10 spell levels left.
You didn't know any spells.
Your spell library was empty.

Dungeon Overview and Level Annotations

Branches:
Dungeon (10/15)            Temple (0/1) D:7            Lair (0/6) D:8
    Orc (1/2) D:9         Ossuary (visited)           IceCv (visited)

Altars:
Cheibriados
Elyvilon
Kikubaaqudgha
Okawaru
Sif Muna
Vehumet
Xom
Beogh
Lugonu

Shops:
D:9 [(

Annotations:
D:7 2 transporters


Innate Abilities, Weirdness & Mutations

You reflexively headbutt those who attack you in melee.
You have a pair of horns on your head.


Message History

You kill the orc!
Trog accepts your kill.
The orc warlord hits your ogre with a +0 long sword!
The orc warrior barely misses you.
Your ogre hits the orc warlord with a +0 giant club!!
The orc warlord dies!
Trog accepts your kill.
The orc throws a boomerang.
The boomerang hits your ogre.
The weapon returns to the orc!
You closely miss the orc. You headbutt the orc!
You kill the orc!
Trog accepts your kill.
Your ogre barely misses the orc warrior.
The orc warrior hits you from afar with a +0 trident.
* * * LOW HITPOINT WARNING * * *
The orc warrior hits you from afar with a +0 halberd.
* * * LOW HITPOINT WARNING * * *
Your ogre barely misses the orc warrior.
The orc warrior hits you with a +0 trident!!
You die...

..........≈≈ ≈≈ ..
.........#####≈...
.............#≈$.#
.......≈.....#≈..##
.#......#≈...#≈...##
..#.....≈#≈..#.....##
.........≈#...[#....#
...........≈†.#....#
..........ooo)#O@.##
......$..oo..#o#o##
...............o..#
.................##
..))...........###
...)...........#
..))............#
.................
$...............


You could see 2 orc warriors, an orc (strong) and a friendly ogre (summoned,
berserk).

Vanquished Creatures
  2 ice dragons (IceCv)
  Erolcha (D:10)
  A two-headed ogre (D:9)
  A cyclops (D:8)
  2 ice statues (IceCv)
  4 rime drakes
  2 hornets
  2 trolls
  Duvessa (D:7)
  8 orc warriors
  16 ice beasts
  2 sky beasts
  3 phantoms
  4 wolves (D:8)
  4 ogres
  5 centaurs
  2 big kobolds (D:9)
  3 bullfrogs
  3 elf zombies (Ossuary)
  Dowan (D:7)
  A water moccasin zombie (D:5)
  3 scorpions
  A water moccasin skeleton (D:9)
  6 killer bees (D:9)
  An electric eel (D:10)
  9 wights
  6 howler monkeys
  7 centaur zombies
  2 jellies
  A quasit (D:7)
  A bullfrog zombie (D:10)
  A bullfrog skeleton (D:6)
  16 orc wizards
  9 orc priests
  8 hounds
  3 human zombies (Ossuary)
  2 iguanas
  Ijyb (D:4)
  6 worker ants
  3 hound zombies
  A worker ant zombie (D:9)
  3 mummies (Ossuary)
  A howler monkey zombie (D:7)
  16 adders
  3 shadow imps
  A white imp (D:8)
  2 ufetubi (D:9)
  An ooze (D:6)
  2 adder skeletons
  4 adder zombies
  2 dart slugs (D:1)
  4 worms
  5 leopard geckos
  50 orcs
  7 bats
  4 giant cockroaches
  10 goblins
  7 hobgoblins
  10 jackals
  18 kobolds
  6 quokkas
  A ball python (D:1)
  3 frilled lizards
  A leopard gecko zombie (D:5)
  A quokka skeleton (D:4)
  6 rats
323 creatures vanquished.

Vanquished Creatures (collateral kills)
  An orc warlord (Orc:1)
  An orc knight (Orc:1)
  3 wargs (Orc:1)
  4 orcs (Orc:1)
9 creatures vanquished.

Vanquished Creatures (others)
  A plant (D:8)
1 creature vanquished.

Grand Total: 333 creatures vanquished

Notes
Turn   | Place    | Note
-------+----------+-------------------------------------------
     0 | D:1      | Almogavar the Minotaur Berserker began the quest for the
                  | Orb.
     0 | D:1      | Reached XP level 1. HP: 19/19 MP: 0/0
   600 | D:1      | Reached skill level 4 in Long Blades
   600 | D:1      | Reached XP level 2. HP: 27/27 MP: 1/1
  1175 | D:2      | Reached XP level 3. HP: 34/34 MP: 2/2
  1361 | D:2      | Noticed an ogre
  1551 | D:2      | Killed an ogre
  1552 | D:2      | Reached skill level 5 in Fighting
  1552 | D:2      | Reached skill level 5 in Long Blades
  1552 | D:2      | Reached XP level 4. HP: 4/42 MP: 0/3
  1907 | D:2      | Found a shimmering altar of Xom.
  1939 | D:2      | Reached XP level 5. HP: 47/48 MP: 4/4
  1992 | D:2      | Found an ancient bone altar of Kikubaaqudgha.
  2448 | D:3      | Found an iron altar of Okawaru.
  2499 | D:3      | Reached ** piety under Trog
  2972 | D:3      | Reached skill level 6 in Long Blades
  2972 | D:3      | Reached XP level 6. HP: 56/56 MP: 5/5
  3089 | D:3      | Found a transporter.
  3096 | D:3      | Found a transporter.
  3716 | D:4      | Found a white marble altar of Elyvilon.
  3717 | D:4      | Noticed Ijyb
  3729 | D:4      | Killed Ijyb
  4405 | D:4      | Got an ancient marble ring
  4406 | D:4      | Identified the ring "Ifyta" {rF+ rC+ rN+ Dex+4} (You found
                  | it on level 4 of the Dungeon)
  4849 | D:4      | Reached skill level 7 in Long Blades
  4849 | D:4      | Reached XP level 7. HP: 40/62 MP: 2/6
  5038 | D:5      | Entered Level 5 of the Dungeon
  5585 | D:5      | Found a shimmering blue altar of Sif Muna.
  5586 | D:5      | Found a radiant altar of Vehumet.
  5635 | D:5      | Reached skill level 8 in Long Blades
  5720 | D:6      | Reached skill level 5 in Armour
  5748 | D:6      | Found a sand-covered staircase.
  5757 | Ossuary  | Entered an ossuary
  5850 | Ossuary  | Reached *** piety under Trog
  5851 | Ossuary  | Reached XP level 8. HP: 47/71 MP: 3/7
  6241 | Ossuary  | Reached skill level 9 in Long Blades
  7330 | D:7      | Found a transporter.
  7349 | D:7      | Noticed a red ugly thing
  7350 | D:7      | Noticed a purple ugly thing
  7351 | D:7      | Found a transporter.
  7351 | D:7      | Found a corrupted altar of Lugonu.
  7361 | D:7      | Found a staircase to the Ecumenical Temple.
  7371 | D:7      | Reached skill level 10 in Long Blades
  7404 | D:7      | Reached XP level 9. HP: 79/79 MP: 8/8
  7564 | D:7      | Noticed Duvessa
  7564 | D:7      | Noticed Dowan
  7571 | D:7      | Killed Duvessa
  7571 | D:7      | Reached **** piety under Trog
  7580 | D:7      | Killed Dowan
  8149 | D:8      | Reached skill level 11 in Long Blades
  8155 | D:8      | Noticed a cyclops
  8172 | D:8      | Killed a cyclops
  8685 | D:8      | Reached skill level 12 in Long Blades
  8703 | D:8      | Found a staircase to the Lair.
  8709 | D:8      | Noticed a troll
  8737 | D:8      | Reached XP level 10. HP: 56/91 MP: 7/9
  9179 | D:8      | Paralysed by a hornet for 2 turns
  9886 | D:9      | Reached skill level 5 in Dodging
 10077 | D:9      | Found a snail-covered altar of Cheibriados.
 10245 | D:9      | Found Amukh's Weapon Boutique.
 10247 | D:9      | Found a staircase to the Orcish Mines.
 10249 | D:9      | Found Acwismya's Armour Boutique.
 10362 | D:9      | Reached ***** piety under Trog
 10401 | D:9      | Reached skill level 13 in Long Blades
 10743 | D:9      | Reached skill level 10 in Fighting
 11037 | D:10     | Entered Level 10 of the Dungeon
 11070 | D:10     | Paralysed by a hornet for 1 turns
 11074 | D:10     | Paralysed by a hornet for 2 turns
 11573 | D:10     | Noticed Erolcha
 11574 | D:10     | Paralysed by Erolcha for 4 turns
 11596 | D:10     | Killed Erolcha
 11597 | D:10     | Reached skill level 10 in Armour
 11912 | D:10     | Reached skill level 1 in Slings
 12322 | Orc:1    | Entered Level 1 of the Orcish Mines
 12322 | Orc:1    | Noticed a two-headed ogre
 12340 | D:9      | Killed a two-headed ogre
 12341 | D:9      | Reached XP level 11. HP: 64/101 MP: 4/10
 12559 | Orc:1    | Noticed an orc knight
 12565 | Orc:1    | Killed an orc knight
 12570 | Orc:1    | Found a roughly hewn altar of Beogh.
 12762 | Orc:1    | Found a frozen archway.
 12783 | IceCv    | Entered an ice cave
 13030 | IceCv    | Reached skill level 14 in Long Blades
 13318 | IceCv    | Noticed an ice dragon
 13330 | IceCv    | Killed an ice dragon
 13332 | IceCv    | Noticed an ice dragon
 13337 | IceCv    | Killed an ice dragon
 13526 | Orc:1    | Received a gift from Trog
 13541 | Orc:1    | Noticed an orc warlord
 13576 | Orc:1    | Killed an orc warlord
 13578 | Orc:1    | Mangled by an orc warrior

Illustrated notes

Levels and vault maps discovered:
D:1:      evilmike_arrival_home_sweet_home, layout_loops_ring
D:2:      layout_rooms, old_standard_altar, lemuel_crystal_altar
D:3:      gammafunk_wand_slinger, layout_basic, lemuel_round_altar
D:4:      layout_layer_cave, lemuel_round_altar, uniq_ijyb
D:5:      layout_cave_pools, nicolae_overflow_hidden_temple
D:6:      layout_basic, enter_ossuary_1,
          hangedman_abyss_or_decor_jellyfish_corner, minivault_19,
          minmay_misc_feat_secret_circle, minivault_22, kennysheep_doodads
D:7:      gammafunk_corrupted_shrine, layout_rooms, temple_pool_b, uniq_duvessa
D:8:      nzn_winding_woodlands_small [nzn_winding_woodlands_5x15_cabin,
          nzn_winding_woodlands_center_triple_pond,
          nzn_winding_woodlands_5x15_garden], layout_basic, erik_lair_island
D:9:      layout_basic, orc_david_3, basic_altar
D:10:     layout_big_octagon, uniq_erolcha
Orc:1:    layout_caves, basic_altar, portal_ice_cave_rime, mines2_david

Skill      XL: |  1  2  3  4  5  6  7  8  9 10 11 |
---------------+----------------------------------+-----
Long Blades    | 4 5 6 7 8 10 12 13 14 | 14.5
Fighting       | 4 5 6 7 9 10 11 | 11.3
Dodging        | 3 4 5 |  5.9
Armour         | 3 5 6 8 10 12 | 12.4
Slings         | 1 2 |  2.0
Stealth        | |  0.2
Shields        | |  0.2
Evocations     | |  0.1

Action                   |  1- 3 |  4- 6 |  7- 9 | 10-12 || total
-------------------------+-------+-------+-------+-------++-------
Melee: Falchion          |    45 |   143 |   338 |   425 ||   951
       Headbutt          |     7 |    32 |   102 |   134 ||   275
 Fire: Hunting sling     |       |       |       |     4 ||     4
Invok: Berserk           |     3 |       |     4 |     7 ||    14
       Trog's Hand       |       |     1 |       |     2 ||     3
       Brothers in Arms  |       |       |       |     2 ||     2
Evoke: Wand              |       |       |       |     1 ||     1
  Use: Scroll            |       |     9 |     7 |     2 ||    18
       Potion            |       |     1 |       |       ||     1
 Stab: Sleeping          |       |     1 |       |       ||     1
Armor: Animal skin       |     9 |     2 |       |       ||    11
       Ring mail         |       |    24 |    17 |       ||    41
       Leather armour    |       |     2 |       |       ||     2
       Chain mail        |       |       |   121 |   154 ||   275
       Ice dragon scales |       |       |       |    28 ||    28
Dodge: Dodged            |    36 |    78 |   156 |   233 ||   503
Block: Other             |       |       |       |    16 ||    16
       Reflection        |       |       |       |     1 ||     1
       Rpst.: Falchion   |    12 |    23 |    41 |    71 ||   147
